 Dungeon Crawl Stone Soup version 0.30-a0-711-gf4ac18a38d (webtiles) character file.

Game seed: 7928187048650932496

9 kae the Insei (level 2, -1/21 HPs)
             Began as a Demonspawn Transmuter on Jan 22, 2023.
             Slain by a hobgoblin (4 damage)
             ... on level 1 of the Dungeon.
             The game lasted 00:00:16 (89 turns).

kae the Insei (Demonspawn Transmuter)                 Turns: 89, Time: 00:00:17

Health: -1/21      AC:  2    Str: 10    XL:     2   Next: 3%
Magic:  4/5        EV: 12    Int: 14    God:
Gold:   0          SH:  0    Dex: 13    Spells: 4/5 levels left

rFire   . . .      SeeInvis .      - Unarmed
rCold   . . .      Faith    .    (no shield)
rNeg    . . .      Spirit   .    a - +0 robe
rPois   .          Reflect  .    (no helmet)
rElec   .          Harm     .    (no cloak)
rCorr   .          Rampage  .    (no gloves)
Will    .....                    (no boots)
Stlth   +                        (no amulet)
HPRegen 0.23/turn                (no ring)
MPRegen 0.09/turn                (no ring)

@: no status effects
A: demonic magic 1
a: no special abilities


You were on level 1 of the Dungeon.
You visited 1 branch of the dungeon, and saw 1 of its levels.


Innate Abilities, Weirdness & Mutations

Spells you cast may paralyse adjacent enemies.


   Skills:
 - Level 1.0 Fighting
 - Level 1.7 Dodging
 + Level 2.8 Unarmed Combat
 + Level 2.1 Spellcasting
 * Level 2.2 Transmutations


You had 4 spell levels left.
You knew the following spells:

 Your Spells              Type           Power      Damage    Failure   Level
a - Beastly Appendage     Tmut           14%        N/A       10%         1

Your spell library contained the following spells:

 Spells                   Type           Power      Damage    Failure   Level
 Wereblood                Tmut           7%         N/A       14%         2
 Spider Form              Tmut/Pois      4%         N/A       41%         3
 Ice Form                 Ice/Tmut       4%         N/A       83%         4

Inventory:

Armour
 a - a +0 robe (worn)
Potions
 b - a potion of lignification {!q}

Dungeon Overview and Level Annotations

Branches:
Dungeon (1/15) Zot: 5911

Altars:

## .. .# ##.##
.... ####..#
#.....#.#
##@...#
##g##..###
##.$.##....
#..$..##.###
#...#...#..#
##..(..#.†.#
##...##..######
##.##...†..#.+
..##..#.##...#


You could see a hobgoblin.


Message History

Confirm with . or Enter, or press ? or * to list all spells.
You grow a pair of large bovine horns.
Your feet morph into talons.
The kobold shouts!
You hear a shout!
You hear an angry hiss.
You hear a shout! 😎 MP[-1]
You lost 1 mp, and now have 1/3 mp.
Your transformation is almost over.
The kobold hits you with a +0 dagger.
You see here 11 gold pieces.
You closely miss the kobold.
The kobold hits you but does no damage. 😕 HP[-2] MP[+1]
You take 2 damage, and now have 13/15 hp.
A kobold is nearby!
You barely miss the kobold. Your headbutt misses the kobold.
The kobold misses you.
You hit the kobold.
The kobold hits you with a +0 dagger. 😮 HP[-3]
You take 3 damage, and now have 10/15 hp.
A kobold is nearby!
You are too injured to fight recklessly!
You are too injured to fight recklessly!
A kobold is nearby!
You are too injured to fight recklessly!
You are too injured to fight recklessly!
A kobold is nearby!
Unknown command.
A kobold is nearby!
You are too injured to fight recklessly!
You are too injured to fight recklessly!
You barely miss the kobold. You claw the kobold.
You kill the kobold!
Things that are here:
a +0 dagger; a kobold corpse Unknown command.
A hobgoblin comes into view. 😮 HP[+1] Unknown command.
A hobgoblin is nearby!
A hobgoblin is nearby!
Unknown command.
A hobgoblin is nearby!
Casting: Beastly Appendage (safe; 10% risk of failure)
Confirm with . or Enter, or press ? or * to list all spells.
You extend your transformation's duration.
The hobgoblin shouts!
You hear a shout!
A hobgoblin comes into view.
You hear a shout!
A hobgoblin comes into view.
You closely miss the hobgoblin.
You claw the hobgoblin, but do no damage.
Your headbutt misses the hobgoblin. The hobgoblin hits you.
You hit the hobgoblin. You claw the hobgoblin.
You kill the hobgoblin! 😮 MP[-1]
You lost 1 mp, and now have 1/3 mp.
You hit the hobgoblin. You claw the hobgoblin.
Your headbutt misses the hobgoblin. The hobgoblin hits you. 😮 HP[-2] MP[+1]
You take 2 damage, and now have 9/15 hp.
You barely miss the hobgoblin.
Your transformation is almost over.
The hobgoblin barely misses you. x2
The hobgoblin attacks as you move away! The hobgoblin hits you.
* * * LOW HITPOINT WARNING * * *
😨 HP[-2]
You take 2 damage, and now have 7/15 hp.
You barely miss the hobgoblin. Your kick misses the hobgoblin.
The hobgoblin closely misses you. 😮 HP[+1] Unknown command.
You hit the hobgoblin. Your kick misses the hobgoblin. The hobgoblin hits you.
* * * LOW HITPOINT WARNING * * *
😨 HP[-4]
You take 4 damage, and now have 4/15 hp.
MASSIVE DAMAGE!! (PAUSE)
You barely miss the hobgoblin.
You headbutt the hobgoblin, but do no damage.
You hit the hobgoblin. You claw the hobgoblin.
You kill the hobgoblin!
Unknown command.
You hit the hobgoblin but do no damage. You claw the hobgoblin.
You kill the hobgoblin!
A hobgoblin comes into view.
You have reached level 2!
Your demonic ancestry asserts itself...
A menacing aura infuses your magic. 😨 HP[+3] MP[+1]
You now have 21 max hp (+6).
You regained 3 hp, and now have 7/21 hp.
You closely miss the hobgoblin.
Your horns disappear.
Your talons disappear.
The hobgoblin misses you.
You hit the hobgoblin but do no damage.
The hobgoblin misses you. 😨 HP[+1] MP[+1]
You hit the hobgoblin but do no damage. The hobgoblin hits you.
* * * LOW HITPOINT WARNING * * *
😱 HP[-5]
You take 5 damage, and now have 3/21 hp.
MASSIVE DAMAGE!! (PAUSE)
You completely miss the hobgoblin. The hobgoblin hits you.
You die...

Skill      XL: |  1 |
---------------+----+-----
Transmutations | 2 |  2.2
Fighting       | |  1.0
Dodging        | |  1.7
Unarmed Combat | |  2.8
Spellcasting   | |  2.1

Action                     || total
---------------------------++-------
  Melee: Unarmed           ||    26
         Kick              ||     7
         Headbutt          ||     1
   Cast: Beastly Appendage ||     5
 Armour: Robe              ||     6
  Dodge: Dodged            ||    15

Levels and vault maps discovered:
D:1:      amcnicky_arrival_underground_garden, layout_basic, serial_shops,
          nicolae_shop_temple_entry_statues_fountains,
          nicolae_shop_behind_doors, nicolae_shop_bloodbath_and_beyond,
          basic_ecumenical_altar, grunt_decor_mini_mirrors, minmay_heptomino_w4

Notes
Turn   | Place    | Note
-------+----------+-------------------------------------------
     0 | D:1      | kae the Demonspawn Transmuter began the quest for the Orb.
     0 | D:1      | Reached XP level 1. HP: 15/15 MP: 3/3
     0 | D:1      | magus.rc [v1.11.3]
    51 | D:1      | Reached skill level 2 in Transmutations
    83 | D:1      | Gained mutation: Spells you cast may paralyse adjacent
                  | enemies. [demonic ancestry]
    83 | D:1      | Reached XP level 2. HP: 7/21 MP: 3/5
    88 | D:1      | HP: 3/21 [hobgoblin (5)]
    89 | D:1      | Slain by a hobgoblin

Vanquished Creatures
  3 hobgoblins (D:1)
  A ball python (D:1)
  2 bats (D:1)
  2 kobolds (D:1)
  A rat (D:1)
9 creatures vanquished.

Table legend:
 A = Non-vault XP
 B = Vault XP
 C = Vault XP percentage of total XP
 D = Non-vault monster count
 E = Vault monster count
 F = Vault count percentage of total count
                 A         B        C        D         E       F
            +---------+---------+-------+---------+---------+-------
      Total |       7 |       6 |  46.2 |       5 |       4 |  44.4
            +---------+---------+-------+---------+---------+-------
        D:1 |       7 |       6 |  46.2 |       5 |       4 |  44.4
            +---------+---------+-------+---------+---------+-------

Illustrated notes

Table legend:
 A = Kills in this place as a percentage of kills in entire the game.
 B = Kills by you in this place as a percentage of kills by you in the entire game.
 C = Kills by friends in this place as a percentage of kills by friends in the entire game.
 D = Other kills in this place as a percentage of other kills in the entire game.
 E = Experience gained in this place as a percentage of experience gained in the entire game.
 F = Experience gained in this place divided by the number of levels of this place that you have seen.
                   A       B       C       D       E      F
               +-------+-------+-------+-------+-------+----------------------
         Total | 100.0 | 100.0 |   N/A |   N/A | 100.0 |  13.0
       Dungeon | 100.0 | 100.0 |   N/A |   N/A | 100.0 |  13.0
               +-------+-------+-------+-------+-------+----------------------

Table legend: (Time is in decaauts)
 A = Elapsed time spent in this place.
 B = Non-inter-level travel time spent in this place.
 C = Inter-level travel time spent in this place.
 D = Time resting spent in this place.
 E = Time spent auto-exploring this place.
 F = Levels seen in this place.
 G = Mean time per level.
                   A        B        C        D        E       F      G
               +--------+--------+--------+--------+--------+-----+--------+
         Total |     87 |     87 |      0 |      0 |     34 |   1 |   87.0 |
       Dungeon |     87 |     87 |      0 |      0 |     34 |   1 |   87.0 |
               +--------+--------+--------+--------+--------+-----+--------+

Top non-repeatable levels by time:
     D:1: 87 daAuts
